 Dungeon Sprint DCSS version 0.19-a0-957-gf4ea323 (webtiles) character file.

3046 zero the Phalangite (level 9, -1/105 HPs)
             Began as a Minotaur Berserker on July 10, 2016.
             Was a High Priest of Trog.
             Slain by a five-headed hydra (4 damage)
             ... in the Dungeon (Sprint IX: "|||||||||||||||||||||||||||||").
             The game lasted 00:02:46 (642 turns).

zero the Phalangite (Minotaur Berserker)             Turns: 642, Time: 00:02:47

Health: -1/105     AC: 12    Str: 33    XL:     9   Next: 56%
Magic:  8/8        EV:  9    Int:  4    God:    Trog [*****.]
Gold:   0          SH:  0    Dex: 10    Spells: 0 memorised, 8 levels left

rFire  . . .     SeeInvis .     j - +4 glaive (venom)
rCold  . . .     Gourm    .     o - +1 chain mail
rNeg   . . .     Faith    .     (shield currently unavailable)
rPois  .         Spirit   .     (helmet restricted)
rElec  .         Dismiss  .     a - +0 cloak
rCorr  .         Reflect  .     (no gloves)
SustAt .         Harm     .     (no boots)
MR     ++...     NoTele   +     (no amulet)
Stlth  ..........               p - +2 ring of protection
                                q - +3 ring of strength

@: berserking, very slightly contaminated, regenerating, hasted, very quick,
very resistant to hostile enchantments, extremely unstealthy
A: retaliatory headbutt, horns 2
a: Berserk, Trog's Hand, Brothers in Arms, Burn Spellbooks, Renounce Religion


You were in the Dungeon.
You worshipped Trog.
Trog was extremely pleased with you.
You were hungry.

You visited 1 branch

Inventory:

Hand Weapons
 j - a +4 glaive of venom (weapon)
Armour
 a - a +0 cloak (worn)
 o - a +1 chain mail (worn)
Jewellery
 p - a +2 ring of protection (right hand)
 q - a +3 ring of strength (left hand)
Wands
 m - a wand of iceblast (7/15)
Scrolls
 i - 3 scrolls of blinking
 l - 3 scrolls of remove curse
 s - 2 scrolls of fear
 u - a scroll of recharging
 v - 2 scrolls of enchant armour
Potions
 d - 5 potions of curing
 e - 2 potions of heal wounds
 f - a potion of haste
 g - 4 potions of magic
 h - a potion of berserk rage
 k - a potion of invisibility
 n - 3 potions of might
 r - a potion of agility
Comestibles
 b - 11 chunks of flesh
 c - a bread ration


   Skills:
 - Level 3.6 Fighting
 + Level 23.3 Polearms
 - Level 2.4 Armour
 - Level 2.1 Dodging


You had 8 spell levels left.
You didn't know any spells.

Dungeon Overview and Level Annotations

Branches:
Dungeon (1/1)

Altars:
Cheibriados
Dithmenos
Elyvilon
Fedhas
Gozag
Hepliaklqana
Kikubaaqudgha
Makhleb
Nemelex Xobeh
Okawaru
Pakellas
Qazlal
Ru
Sif Muna
Trog
Uskayaw
Vehumet
Xom
Yredelemnul
Zin
The Shining One
Beogh
Jiyva
Lugonu


Innate Abilities, Weirdness & Mutations

You reflexively headbutt those who attack you in melee.
You have a pair of horns on your head.


Message History

Your two-headed ogre dies!
Your two-headed ogre's corpse disappears in a puff of smoke!
You feel much better.
You feel yourself speed up.
You are very lightly contaminated with residual magic.
Your skin crawls.
You feel resistant to hostile enchantments.
You feel somewhat more hungry. The five-headed hydra bites you. x2
The five-headed hydra barely misses you.
The five-headed hydra bites you!
* * * LOW HITPOINT WARNING * * *
The five-headed hydra bites you!
* * * LOW HITPOINT WARNING * * *
A red film seems to cover your vision as you go berserk!
You feel yourself moving faster!
You feel mighty!
You are feeling hungry.
Your chain mail prevents you from hitting the five-headed hydra.
The five-headed hydra is almost dead.
The five-headed hydra bites you.
You die...

▓▓▓▓▓▓▓▓▓▓▓▓▓▓▓▓▓▓▓▓▓▓▓▓▓▓▓▓▓
.....)(.....)†..@DYlHFrr.rr.r
▓▓▓▓▓▓▓▓▓▓▓▓▓▓▓▓▓▓▓▓▓▓▓▓▓▓▓▓▓▓▓▓▓
.................................
▓▓▓▓▓▓▓▓▓▓▓▓▓▓▓▓▓▓▓▓▓▓▓▓▓▓▓▓▓▓▓▓▓
.).....'________________________'
▓▓▓▓▓▓▓▓▓▓▓▓▓▓▓▓▓▓▓▓▓▓▓▓▓▓▓▓▓▓▓▓▓


You could see a death yak, a five-headed hydra, a hippogriff, a spiny frog, a
basilisk, a porcupine and a river rat.

Vanquished Creatures
  A hydra (D)
  A hill giant (D)
  A griffon (D)
  A spiny frog (D)
  A komodo dragon (D)
  A meliai (D)
  A yak (D)
  A vampire mosquito (D)
  An orc warrior (D)
  2 ogres (D)
  A wolf (D)
  A quasit (D)
  A jelly (D)
  2 iguanas (D)
  An adder (D)
  2 river rats (D)
  A shadow imp (D)
  A worm (D)
  2 dart slugs (D)
  2 giant geckos (D)
  2 goblins (D)
  A jackal (D)
  A giant cockroach zombie (D)
  A kobold (D)
  A quokka skeleton (D)
31 creatures vanquished.

Notes
Turn   | Place    | Note
-------+----------+-------------------------------------------
     0 | D        | zero the Minotaur Berserker began the quest for the Orb.
     0 | D        | Reached XP level 1. HP: 19/19 MP: 0/0
     7 | D        | Reached skill level 5 in Polearms
     9 | D        | Reached ** piety under Trog
    16 | D        | Reached skill level 6 in Polearms
    16 | D        | Reached XP level 2. HP: 18/26 MP: 1/1
    25 | D        | Noticed an ogre
    29 | D        | Reached *** piety under Trog
    37 | D        | Reached skill level 7 in Polearms
    41 | D        | Reached **** piety under Trog
    41 | D        | Reached skill level 9 in Polearms
    41 | D        | Reached XP level 3. HP: 23/31 MP: 2/2
    45 | D        | Killed an ogre
    45 | D        | Reached skill level 11 in Polearms
    45 | D        | Reached XP level 4. HP: 29/39 MP: 3/3
   187 | D        | Found a glowing silver altar of Zin.
   187 | D        | Found a glowing golden altar of the Shining One.
   187 | D        | Found an ancient bone altar of Kikubaaqudgha.
   187 | D        | Found a basalt altar of Yredelemnul.
   187 | D        | Found a shimmering altar of Xom.
   187 | D        | Found a radiant altar of Vehumet.
   188 | D        | Found an iron altar of Okawaru.
   189 | D        | Found a burning altar of Makhleb.
   190 | D        | Found a deep blue altar of Sif Muna.
   191 | D        | Found a bloodstained altar of Trog.
   192 | D        | Found a sparkling altar of Nemelex Xobeh.
   193 | D        | Found a white marble altar of Elyvilon.
   194 | D        | Found a roughly hewn altar of Beogh.
   195 | D        | Found a viscous altar of Jiyva.
   196 | D        | Found a corrupted altar of Lugonu.
   197 | D        | Found a blossoming altar of Fedhas.
   198 | D        | Found a snail-covered altar of Cheibriados.
   199 | D        | Found a shadowy altar of Dithmenos.
   200 | D        | Found a stormy altar of Qazlal.
   201 | D        | Found an opulent altar of Gozag.
   202 | D        | Found a sacrificial altar of Ru.
   203 | D        | Found an oddly glowing altar of Pakellas.
   204 | D        | Found a hide-covered altar of Uskayaw.
   205 | D        | Found a hazy altar of Hepliaklqana.
   256 | D        | Noticed an ogre
   256 | D        | Noticed a hill giant
   261 | D        | Killed an ogre
   261 | D        | Reached skill level 13 in Polearms
   261 | D        | Reached XP level 5. HP: 45/45 MP: 4/4
   263 | D        | Killed a hill giant
   263 | D        | Reached skill level 17 in Polearms
   263 | D        | Reached XP level 6. HP: 51/51 MP: 5/5
   263 | D        | Reached XP level 7. HP: 57/57 MP: 6/6
   268 | D        | Reached ***** piety under Trog
   270 | D        | Reached skill level 18 in Polearms
   338 | D        | Noticed a meliai
   338 | D        | Noticed a vampire mosquito
   340 | D        | Killed a meliai
   342 | D        | Reached skill level 19 in Polearms
   345 | D        | Received a gift from Trog
   347 | D        | Killed a vampire mosquito
   347 | D        | Reached XP level 8. HP: 64/64 MP: 7/7
   519 | D        | Noticed a six-headed hydra
   519 | D        | Noticed a spiny frog
   519 | D        | Noticed a komodo dragon
   524 | D        | Killed an eight-headed hydra
   524 | D        | Reached skill level 21 in Polearms
   525 | D        | Reached XP level 9. HP: 41/70 MP: 8/8
   530 | D        | Noticed a griffon
   533 | D        | Killed a spiny frog
   533 | D        | Reached skill level 22 in Polearms
   536 | D        | Killed a komodo dragon
   536 | D        | Received a gift from Trog
   543 | D        | Killed a griffon
   543 | D        | Reached skill level 23 in Polearms
   622 | D        | Noticed a five-headed hydra
   622 | D        | Noticed a spiny frog
   622 | D        | Noticed a death yak
   640 | D        | HP: 1/70 [five-headed hydra (12)]
   642 | D        | Slain by a five-headed hydra

Vault maps used:
D:        linesprint

Skill      XL: |  1  2  3  4  5  6  7  8  9 |
---------------+----------------------------+-----
Polearms       | 6 9 11 13 17 19 21 23 | 23.3
Fighting       | |  3.6
Armour         | |  2.4
Dodging        | |  2.1

Action                   |  1- 3 |  4- 6 |  7- 9 || total
-------------------------+-------+-------+-------++-------
Melee: Spear             |    32 |       |       ||    32
       Headbutt          |     3 |     1 |     8 ||    12
       Halberd           |       |     5 |    19 ||    24
       Glaive            |       |       |    22 ||    22
Invok: Berserk           |     1 |     1 |     3 ||     5
       Trog's Hand       |       |       |     2 ||     2
       Brothers in Arms  |       |       |     1 ||     1
  Use: Scroll            |       |       |     2 ||     2
       Potion            |       |       |     2 ||     2
  Eat: Chunk             |       |       |     4 ||     4
Armor: Chain mail        |       |       |    25 ||    25
Dodge: Dodged            |     7 |     1 |    15 ||    23
